Map: Turbo Cruise '84 LE

Players

Mez

  • Race: Terran Terran
  • League: Master
  • Spawn Location: 3:00

Theledin - Winner!

  • Race: Zerg Zerg
  • League: Master
  • Spawn Location: 7:00

VOD

Have the link to the VOD?

Description

Time

  • Played on: Aug. 17, 2019, 10:40 a.m.
  • Length: 19:06
Show
View Real Time Build Order
Export as new Build Order

Mez Terran 

Build Orders: Reaper Expand, Banshee Rush 

Get SALT Encoding   

  12  0:00  SCV  
  13  0:13  SCV  
  14  0:18  Supply Depot  
  14  0:25  SCV  
  15  0:39  SCV  
  15  0:41  Barracks  
  16  0:45  Refinery  
  16  0:51  SCV  
  17  1:03  SCV  
  18  1:16  SCV  
  19  1:29  Reaper, Orbital Command  
  20  1:41  Command Center  
  20  1:51  Supply Depot  
  20  1:55  SCV  
  21  2:02  Marine  
  22  2:11  SCV  
  22  2:14  Factory  
  23  2:21  Refinery  
  23  2:22  Barracks Reactor  
  23  2:23  SCV  
  24  2:38  SCV  
  25  2:55  Orbital Command  
  25  2:56  SCV  
  26  3:02  Starport  
  26  3:08  Hellion x2, SCV  
  26  3:10  Barracks Tech Lab  
  31  3:20  SCV, Supply Depot  
  31  3:22  SCV  
  33  3:32  SCV  
  34  3:35  Hellion x2  
  34  3:36  SCV  
  39  3:44  SCV, Banshee  
  39  3:46  Cloaking Field  
  39  3:47  Marine  
  44  3:52  SCV  
  44  3:55  Supply Depot  
  45  3:56  SCV  
  46  4:11  Widow Mine x2  
  46  4:12  Marine  
  46  4:16  Supply Depot  
  50  4:17  Supply Depot  
  49  4:31  SCV  
  49  4:32  Banshee  
  51  4:43  SCV x2  
  51  4:45  Widow Mine x2  
  57  4:46  Barracks Tech Lab  
  57  4:55  SCV  
  57  4:56  SCV  
  59  5:02  Supply Depot  
  59  5:04  Supply Depot  
  59  5:07  SCV  
  60  5:14  SCV  
  60  5:19  Refinery, SCV  
  60  5:21  Refinery  
  62  5:24  Medivac  
  64  5:32  SCV x2  
  66  5:42  Factory  
  66  5:44  Factory, SCV x2  
  66  5:45  Barracks Tech Lab  
  66  5:46  Supply Depot  
  66  5:48  Supply Depot  
  68  5:56  SCV  
  69  6:01  SCV  
  70  6:08  SCV  
  69  6:13  SCV  
  69  6:16  Banshee  
  67  6:20  SCV  
  68  6:28  SCV  
  69  6:33  SCV  
  69  6:39  Command Center  
  70  6:40  SCV  
  70  6:41  Supply Depot  
  70  6:45  Cyclone x2, SCV  
  70  6:46  Hellion x2, Factory  
  82  6:52  SCV  
  83  6:57  SCV  
  84  7:04  SCV  
  83  7:09  SCV  
  83  7:10  Factory  
  83  7:14  Armory  
  84  7:15  Armory, Banshee  
  84  7:16  SCV  
  84  7:21  SCV  
  87  7:26  Cyclone  
  87  7:27  Hellion x2, Cyclone  
  87  7:29  SCV  
  98  7:33  SCV  
  98  7:41  SCV  
  99  7:45  SCV  
  99  7:50  Factory Tech Lab  
  94  7:53  SCV  
  94  7:57  SCV, Command Center  
  96  8:05  SCV  
  96  8:09  SCV, Orbital Command  
  89  8:17  Cyclone x3  
  89  8:18  Factory Tech Lab  
  80  8:21  SCV  
  64  8:34  Hellion  
  66  8:47  SCV x2  
  54  8:49  Cyclone x3  
  54  8:52  Siege Tank  
  54  8:59  SCV, Orbital Command  
  48  9:11  Banshee  
  46  9:21  SCV x2  
  48  9:29  SCV  
  49  9:33  SCV x2  
  49  9:50  Hyperflight Rotors  
  49  9:57  SCV x3  
  52  10:09  SCV x2  
  52  10:13  Cyclone  
  57  10:16  Refinery  
  57  10:18  Refinery  
  54  10:34  Siege Tank  
  54  10:35  Hellion  
  59  10:39  Refinery  
  59  10:40  Refinery  
  53  10:47  SCV x4  
  57  10:58  Cyclone  
  57  10:59  Hellion x2, SCV  
  57  11:00  Orbital Command  
  65  11:05  Siege Tank  
  68  11:18  Siege Tank  
  68  11:23  SCV x3  
  68  11:25  SCV  
  75  11:29  Banshee  
  75  11:31  Command Center  
  78  11:35  SCV x3  
  78  11:38  Cyclone x2  
  78  11:39  Hellion  
  91  11:40  Hellion  
  91  11:43  SCV  
  92  11:47  SCV x2  
  94  11:54  Siege Tank  
  88  12:13  Cyclone x3  
  91  12:21  SCV x4  
  83  12:33  Cyclone, Hellion x2, SCV x4  
  85  12:45  Cyclone  
  72  12:56  Orbital Command  
  54  13:03  SCV  
  41  13:08  Cyclone x3  
  50  13:17  SCV x3  
  53  13:33  SCV  
  53  13:34  SCV x2  
  56  13:50  Engineering Bay  
  56  13:52  SCV x5  
  61  14:04  SCV x2  
  63  14:10  Siege Tank  
  63  14:11  Siege Tank  
  63  14:12  Cyclone  
  63  14:15  Refinery, SCV x2  
  63  14:16  SCV x2  
  63  14:17  Refinery  
  76  14:24  SCV  
  77  14:27  SCV  
  68  14:33  Hellion x2  
  68  14:34  Hellion  
  65  14:43  Siege Tank  
  68  14:48  Planetary Fortress  
  68  14:52  SCV x4  
  72  15:02  Siege Tank  
  72  15:06  SCV x3  
  72  15:07  SCV  
  79  15:18  SCV x2  
  79  15:19  SCV x2  
  83  15:27  Starport Reactor  
  83  15:29  Siege Tank x2  
  83  15:30  Hellion x2, SCV  
  83  15:34  SCV  
  83  15:35  SCV x3  
  98  15:43  SCV  
  98  15:45  Hellion  
  99  15:54  Infernal Pre-Igniter, Mag-Field Accelerator  
  99  15:55  Refinery x2  
  99  15:56  Terran Vehicle And Ship Armor Level 1  
  99  15:58  SCV  
  99  15:59  SCV x2  
  99  16:02  SCV x2  
  104  16:11  SCV x2  
  106  16:21  Cyclone x2  
  106  16:22  Cyclone x2  
  106  16:23  Hellion x2  
  123  16:32  SCV  
  123  16:33  Liberator x2  
  123  16:38  SCV x2  
  123  16:39  SCV x2  
  121  16:42  Supply Depot  
  121  16:45  SCV  
  122  16:50  SCV  
  122  16:51  SCV x2  
  122  16:52  SCV  
  122  16:53  Supply Depot x2  
  132  16:57  Supply Depot  
  132  16:58  Supply Depot  
  132  17:00  Supply Depot  
  132  17:03  Supply Depot  
  132  17:05  Supply Depot  
  132  17:07  Supply Depot  
  132  17:11  Siege Tank x2  
  132  17:13  Cyclone x2  
  132  17:14  Hellion x2  
  148  17:50  Siege Tank  
  148  17:51  Siege Tank x2, Hellion x2  
  157  17:52  Cyclone  
  164  18:04  Liberator x2  
  102  18:20  Hellion x2  
  102  18:23  Hellion, Cyclone x2  
  102  18:24  Hellion  
  75  18:42  Hellion x2  
  75  18:44  Hellion  
Show
View Real Time Build Order
Export as new Build Order

Theledin Zerg - Winner!

Build Orders: Hatch First 

Get SALT Encoding   

  12  0:00  Drone  
  13  0:12  Overlord  
  13  0:17  Drone  
  14  0:30  Drone x2  
  14  0:34  Drone  
  17  0:51  Hatchery  
  17  0:54  Drone  
  17  0:57  Drone  
  18  1:07  Extractor  
  17  1:13  Spawning Pool  
  17  1:15  Drone  
  17  1:18  Drone  
  18  1:29  Drone  
  19  1:38  Drone  
  20  1:49  Drone  
  22  2:01  Zergling x2  
  22  2:02  Queen  
  22  2:03  Queen  
  22  2:04  Zergling x2  
  27  2:19  Hatchery  
  26  2:29  Drone x2  
  28  2:36  Roach Warren  
  26  2:44  Drone x2  
  28  2:46  Overlord  
  28  3:05  Overlord  
  28  3:07  Overlord  
  28  3:18  Roach x4  
  36  3:24  Roach x3  
  41  3:36  Roach x3  
  47  3:51  Drone  
  47  3:52  Drone x5  
  53  3:58  Queen  
  55  4:08  Drone x3  
  58  4:18  Overlord  
  58  4:32  Overlord x2  
  58  4:35  Spore Crawler  
  58  4:37  Spore Crawler  
  56  4:40  Drone  
  56  4:41  Drone x5  
  56  4:53  Drone x4  
  56  4:55  Spore Crawler  
  56  4:57  Lair  
  56  4:59  Drone x2  
  59  5:01  Drone  
  60  5:15  Drone x2  
  60  5:16  Drone x5  
  67  5:28  Overlord  
  67  5:33  Extractor x2  
  67  5:34  Extractor  
  64  5:37  Metabolic Boost  
  64  5:39  Drone x3  
  64  5:40  Drone  
  64  5:41  Drone x2  
  70  5:51  Queen  
  70  5:56  Drone x6  
  70  5:57  Drone  
  79  5:58  Roach  
  76  6:18  Queen  
  76  6:19  Queen  
  78  6:32  Overseer  
  78  6:34  Glial Reconstitution  
  78  6:37  Evolution Chamber, Roach x5  
  78  6:38  Evolution Chamber, Roach x2  
  90  6:41  Overlord x4  
  90  6:42  Overlord  
  90  6:48  Hatchery  
  90  6:52  Zergling x2  
  90  6:55  Nydus Network  
  90  6:57  Drone  
  82  7:07  Roach  
  82  7:08  Roach x7  
  92  7:20  Drone x3  
  92  7:21  Drone x3  
  97  7:34  Nydus Canal  
  99  7:37  Roach x4  
  105  7:46  Nydus Canal  
  105  7:48  Roach  
  105  7:49  Roach x2  
  111  7:54  Roach  
  111  7:55  Roach  
  111  7:56  Drone  
  111  7:57  Drone  
  117  8:01  Nydus Canal  
  111  8:21  Nydus Canal  
  111  8:22  Roach  
  111  8:23  Roach x7  
  109  8:36  Roach  
  109  8:37  Roach x4  
  109  8:38  Roach  
  123  8:41  Roach  
  117  8:49  Ravager  
  117  8:50  Ravager x2  
  117  8:52  Zerg Missile Weapons Level 1  
  110  8:56  Drone x2  
  110  8:57  Roach x2  
  95  9:18  Roach x3  
  95  9:22  Drone x2, Hydralisk Den  
  95  9:23  Drone x3  
  91  9:26  Overlord, Spore Crawler  
  91  9:27  Overlord, Drone  
  91  9:28  Drone  
  76  9:40  Queen  
  76  9:44  Zerg Ground Armor Level 1  
  78  9:51  Overseer  
  78  9:53  Pneumatized Carapace  
  78  9:55  Drone x3  
  78  9:56  Drone x2  
  83  10:00  Muscular Augments  
  83  10:04  Hydralisk x3  
  83  10:06  Hydralisk  
  90  10:27  Hydralisk  
  90  10:28  Hydralisk x6  
  100  10:40  Queen  
  100  10:42  Hydralisk x3  
  100  10:46  Drone  
  100  10:47  Drone x2  
  100  10:48  Overlord  
  107  10:56  Zerg Missile Weapons Level 2  
  107  11:01  Extractor  
  107  11:02  Extractor  
  105  11:05  Extractor  
  105  11:06  Extractor  
  103  11:21  Hydralisk x3  
  103  11:22  Hydralisk  
  111  11:27  Baneling Nest  
  111  11:30  Nydus Canal  
  110  11:44  Roach  
  110  11:45  Roach x7  
  110  11:46  Hydralisk  
  128  11:48  Zergling x6  
  131  12:03  Hydralisk x3  
  131  12:04  Hydralisk x2  
  131  12:05  Zergling x2  
  131  12:06  Zergling x2  
  131  12:07  Zergling x20  
  134  12:34  Hatchery  
  112  12:58  Hydralisk x11  
  97  13:06  Drone x2  
  97  13:12  Drone x2  
  101  13:16  Hydralisk x3  
  107  13:25  Drone x3  
  110  13:46  Drone  
  110  13:47  Drone x5  
  116  13:50  Zergling x6  
  116  13:51  Zergling x2, Hatchery  
  119  13:57  Infestation Pit  
  118  14:06  Drone x3  
  118  14:07  Drone x2  
  118  14:08  Roach x2  
  118  14:09  Zergling x6, Roach  
  132  14:11  Baneling x2  
  132  14:12  Baneling  
  132  14:14  Centrifical Hooks  
  127  14:33  Zergling x8  
  130  14:44  Queen  
  131  14:45  Overlord  
  131  14:51  Drone x4  
  131  14:52  Overlord x3  
  135  15:09  Pathogen Glands  
  135  15:15  Zergling x12  
  135  15:16  Zergling x10  
  146  15:24  Zerg Ground Armor Level 2  
  146  15:25  Hive  
  146  15:27  Grooved Spines  
  146  15:33  Drone x6  
  152  15:45  Baneling x2  
  152  15:46  Zergling x10  
  152  15:47  Overlord x5, Zergling x6, Hatchery  
  155  16:02  Spine Crawler  
  155  16:03  Spore Crawler, Spine Crawler  
  155  16:04  Drone x4, Extractor x2  
  155  16:11  Zergling x6  
  156  16:13  Infestor x3  
  156  16:14  Infestor  
  156  16:15  Infestor x3  
  171  16:33  Zerg Melee Weapons Level 1  
  171  16:37  Adrenal Glands  
  168  16:43  Overlord  
  168  16:44  Hydralisk x2  
  172  16:56  Viper x3  
  172  17:00  Overseer x3  
  181  17:02  Zergling x10  
  181  17:03  Zergling x26  
  181  17:04  Zergling x2  
  200  17:22  Spine Crawler  
  199  17:23  Spore Crawler, Spine Crawler  
  197  17:30  Baneling x6  
  197  17:31  Baneling x9  
  198  17:37  Zergling x6  
  200  17:45  Spire  
  200  17:48  Hatchery  
  139  18:23  Zergling x2  
  139  18:24  Zergling x34  
  139  18:25  Zergling x28  
  156  18:37  Hydralisk x4  
  156  18:38  Hydralisk x3  
  157  18:45  Zergling x2  
Tags
 
Add a new tag
Caveats
  • Supply blocks, unpowered buildings, or Contaminate may cause inaccurate times.
  • Supply counts are checked every 10 seconds.